 Dungeon Crawl Stone Soup version 0.22-a0-284-g99d1f74 (webtiles) character file.

312 smeego the Changer (level 6, -2/38 HPs)
             Began as an Octopode Transmuter on Mar 23, 2018.
             Was an Initiate of Cheibriados.
             Slain by an ogre
             ... wielding a +0 giant club
              (25 damage)
             ... on level 4 of the Dungeon.
             The game lasted 00:06:34 (3529 turns).

smeego the Changer (Octopode Transmuter)            Turns: 3529, Time: 00:06:35

Health: -2/38      AC:  1    Str: 10    XL:     6   Next: 42%
Magic:  5/11       EV: 13    Int: 19    God:    Cheibriados [......]
Gold:   153        SH:  0    Dex: 13    Spells: 5/11 levels left

rFire    . . .     SeeInvis .   d - +1 dagger (vamp)
rCold    . . .     Gourm    .   (no shield)
rNeg     . . .     Faith    .   (helmet restricted)
rPois    .         Spirit   .   (no amulet)
rElec    .         Reflect  .   (no ring)
rCorr    .         Harm     .   (no ring)
MR       .....                  (no ring)
Stlth    +++.......             (no ring)
HPRegen  0.12/turn              (no ring)
MPRegen  0.12/turn              (no ring)
                                (no ring)
                                (no ring)

@: very slow
A: almost no armour, stealthy swim, amphibious, 8 rings, constrict 8, camouflage
1, gelatinous body 1
a: Bend Time, Renounce Religion


You were on level 4 of the Dungeon.
You worshipped Cheibriados.
Cheibriados was noncommittal.
You were not hungry.

You visited 2 branches of the dungeon, and saw 5 of its levels.

You collected 153 gold pieces.

Inventory:

Hand Weapons
 d - a +1 vampiric dagger (weapon)
Missiles
 a - 54 arrows
Scrolls
 b - a scroll of blinking
 f - 4 scrolls of identify
 g - 2 scrolls of teleportation
 i - a scroll of enchant armour
Potions
 e - 2 potions of curing
 h - a potion of brilliance
Comestibles
 c - 8 rations
 j - 3 chunks of flesh


   Skills:
 - Level 1.0 Fighting
 - Level 2.0 Dodging
 + Level 4.0 Stealth
 - Level 3.0 Unarmed Combat
 + Level 3.4 Spellcasting
 * Level 4.8 Transmutations
 + Level 0.9 Invocations


You had 5 spell levels left.
You knew the following spells:

 Your Spells              Type           Power        Failure   Level  Hunger
a - Beastly Appendage     Tmut           ###...       1%          1    None
b - Sticks to Snakes      Tmut           ###.....     3%          2    ##.....
c - Spider Form           Tmut/Pois      ##........   16%         3    ###....


Dungeon Overview and Level Annotations

Branches:
Dungeon (4/15)             Temple (1/1) D:4

Altars:
Cheibriados
Elyvilon
Fedhas
Gozag
Hepliaklqana
Kikubaaqudgha
Nemelex Xobeh
Okawaru
Wu Jian
Xom
Yredelemnul
Zin


Innate Abilities, Weirdness & Mutations

You cannot wear most types of armour.
You are very stealthy in the water. (Stealth+)
You are amphibious.
You can wear up to eight rings at the same time.
You can use your tentacles to constrict eight enemies at once.
Your skin changes colour to match your surroundings (Stealth+).
Your rubbery body absorbs attacks. (AC +1, EV +1)


Message History

Confirm with . or Enter, or press ? or * to list all spells.
You create a snake!
You now have 55 arrows.
Casting: Sticks to Snakes (safe; 3% risk of failure)
Confirm with . or Enter, or press ? or * to list all spells.
You create a snake!
You now have 54 arrows.
What are your orders? t - Shout!
Orders for allies: a - Attack new target. r - Retreat! s - Stop attacking. g - Guard the area. f - Follow me.
Anything else - Cancel.
Gang up on whom?
Press: ? - help, Dir - move target cursor, f - ogre
Aim: an ogre, wielding a giant club Attack!
You hit the ogre.
You feel better.
The ogre is lightly wounded.
The ogre hits you with a giant club!!
Ouch! That really hurt!
You die...

.# ##.†#.#.#.#.#... #.....#
.# #...$.....$....
#...(##### .#
#..#.......#... #.........
#####†............#
........#####
#......#...>...#..#
######.## #
#.###.............# #+# #
....(..#w......#.## #
.....^........SO)# #
.......#.#.#.#S#@## #
.......[......S...#### ##
..................)..+#####
+.
........#######[..#####...#
## ........# #..## #.._.#
###.### #.## ###....# #.
##.## #.'....#
##.#.###.#....#######
##.###....#.._.#......


You could see an ogre, a friendly adder and 2 friendly ball pythons.

Vanquished Creatures
  2 hounds (D:4)
  A bullfrog skeleton (D:4)
  2 orc wizards (D:4)
  A worker ant (D:3)
  3 adders
  2 oozes
  5 dart slugs
  3 leopard geckos
  4 orcs
  2 ball pythons
  8 giant cockroaches
  7 goblins
  7 hobgoblins
  11 jackals
  3 kobolds
  4 quokkas
  8 bats
  6 frilled lizards
  11 rats
90 creatures vanquished.

Notes
Turn   | Place    | Note
-------+----------+-------------------------------------------
     0 | D:1      | smeego the Octopode Transmuter began the quest for the Orb.
     0 | D:1      | Reached XP level 1. HP: 13/13 MP: 3/3
    41 | D:1      | Reached skill level 1 in Stealth
    41 | D:1      | Reached XP level 2. HP: 18/18 MP: 3/5
   260 | D:1      | Reached XP level 3. HP: 16/23 MP: 4/6
   272 | D:1      | Learned a level 2 spell: Sticks to Snakes
   276 | D:1      | Learned a level 3 spell: Spider Form
   980 | D:2      | HP: 1/23 [goblin (4)]
  1605 | D:2      | Reached XP level 4. HP: 28/28 MP: 7/7
  2298 | D:3      | Reached XP level 5. HP: 30/33 MP: 9/9
  3263 | D:4      | Found a staircase to the Ecumenical Temple.
  3270 | D:4      | Reached XP level 6. HP: 38/38 MP: 10/10
  3280 | Temple   | Entered the Ecumenical Temple
  3300 | Temple   | Became a worshipper of Cheibriados the Contemplative
  3405 | D:4      | Found a glowing silver altar of Zin.
  3406 | D:4      | Found an opulent altar of Gozag.
  3529 | D:4      | Slain by an ogre

Vault maps used:
D:1:      dpeg_arrival_castle
D:4:      grunt_temple_overflow_gold_and_silver,
          grunt_temple_overflow_cloverleaf, minmay_temple_entry_glass,
          first_ration
Temple:   nicolae_temple_elliptical

Skill      XL: |  1  2  3  4  5  6 |
---------------+-------------------+-----
Stealth        | 1 2 3 4 |  4.0
Transmutations | 3 4 |  4.8
Spellcasting   | 3 |  3.4
Fighting       | |  1.0
Dodging        | |  2.0
Unarmed Combat | |  3.0
Invocations    | |  0.9

Action                   |  1- 3 |  4- 6 || total
-------------------------+-------+-------++-------
Melee: Unarmed           |    62 |    34 ||    96
       Kick              |     8 |     1 ||     9
       Constrict         |    30 |    31 ||    61
       Tentacles         |    13 |    25 ||    38
       Punch             |     3 |     3 ||     6
       Dagger            |    35 |   123 ||   158
 Cast: Beastly Appendage |    11 |     1 ||    12
       Spider Form       |       |     3 ||     3
       Sticks to Snakes  |       |     3 ||     3
  Use: Scroll            |     5 |     5 ||    10
       Potion            |       |     4 ||     4
 Stab: Sleeping          |     5 |    14 ||    19
  Eat: Ration            |     2 |       ||     2
       Chunk             |       |     7 ||     7
Armor: Skin              |     4 |    11 ||    15
Dodge: Dodged            |    57 |   154 ||   211

Table legend:
 A = Spawn XP
 B = Non-spawn XP
 C = Spawn XP percentage of total XP
 D = Spawn monster count
 E = Non-spawn monster count
 F = Spawn count percentage of total count
 G = Total turns spent on level
                    A         B        C        D         E        F      G
               +---------+---------+-------+---------+---------+-------+---------
         Total |       0 |     446 |   0.0 |       0 |      90 |   0.0 |  3529
               +---------+---------+-------+---------+---------+-------+---------
           D:1 |       0 |      58 |   0.0 |       0 |      28 |   0.0 |   903
           D:2 |       0 |      87 |   0.0 |       0 |      35 |   0.0 |  1322
           D:3 |       0 |      87 |   0.0 |       0 |      18 |   0.0 |   951
           D:4 |       0 |     214 |   0.0 |       0 |       9 |   0.0 |   320
               +---------+---------+-------+---------+---------+-------+---------
